 Dungeon Crawl Stone Soup version 0.28.0-43-g3370ac3207 (webtiles) character file.

Game seed: 433247422666013152

168471 pkoi the Black Belt (level 17, -3/146 HPs)
             Began as a White Draconian Monk on Feb 28, 2022.
             Was the Champion of Dithmenos.
             Slain by a spriggan
             ... wielding a +0 vorpal spear
              (6 damage)
             ... on level 2 of the Swamp on Mar 1, 2022.
             The game lasted 01:47:31 (41356 turns).

pkoi the Black Belt (White Draconian Monk)         Turns: 41356, Time: 01:47:32

Health: -3/146     AC: 17    Str: 13    XL:     17   Next: 33%
Magic:  26/26      EV: 22    Int: 20    God:    Dithmenos [******]
Gold:   1238       SH:  0    Dex: 21    Spells: 19/29 levels left

rFire   + . .      SeeInvis +     - Unarmed
rCold   + . .      Faith    .   (no shield)
rNeg    . . .      Spirit   .   (armour unavailable)
rPois   +          Reflect  .   H - +2 hat
rElec   .          Harm     .   W - +0 cloak
rCorr   +          Rampage  .   Q - +2 pair of gloves of Woanan {SInv}
Will    ++...                   w - +1 pair of boots
Stlth   +++++++++.              p - amulet of regeneration
HPRegen 1.14/turn               l - ring of Ylarut {rF+ rCorr Dex+6}
MPRegen 0.20/turn               O - ring of poison resistance

@: about to teleport, wreathed by umbra
A: breathe frost, AC +9, unfitting armour, cold resistance 1, cold-blooded,
stinger 1, clever 1, strong-willed 1
a: Breathe Frost, Renounce Religion, Shadow Step, Shadow Form


You were on level 2 of the Swamp.
You worshipped Dithmenos.
Dithmenos was exalted by your worship.
You visited 7 branches of the dungeon, and saw 29 of its levels.
You also visited: Gauntlet.

You collected 3114 gold pieces.
You spent 1876 gold pieces at shops.

Inventory:

Hand Weapons
 b - the +8 arbalest of Magnificence {penet, rF- Int+3 Dex+3}
   (You bought it in a shop on level 6 of the Dungeon)

   Any ammunition fired by it passes through the targets it hits, potentially
   hitting all targets in its path until it reaches maximum range.
   Int:       It affects your intelligence (+3).
   Dex:       It affects your dexterity (+3).
   rF:        It makes you vulnerable to fire.
 c - a +2 dagger of venom
Missiles
 k - 17 poisoned darts
 o - 70 bolts
 A - 4 throwing nets
Armour
 w - a +1 pair of boots (worn)
 H - a +2 hat (worn)
 Q - the +2 pair of gloves of Woanan (worn) {SInv}
   (You found it on level 1 of the Swamp)

   SInv:      It lets you see invisible.
 W - a +0 cloak (worn)
Jewellery
 l - the ring of Ylarut (left hand) {rF+ rCorr Dex+6}
   (You found it on level 4 of the Dungeon)

   [ring of dexterity]

   Dex:       It affects your dexterity (+6).
   rF:        It protects you from fire.
   rCorr:     It protects you from acid and corrosion.
 p - an amulet of regeneration (around neck)
 K - an amulet of guardian spirit
 O - a ring of poison resistance (right hand)
 R - the ring "Unnop" {rElec rC+ Int+6}
   (You bought it in a shop on level 1 of the Snake Pit)

   [ring of intelligence]

   Int:       It affects your intelligence (+6).
   rC:        It protects you from cold.
   rElec:     It insulates you from electricity.
Wands
 h - a wand of flame (78)
 i - a wand of digging (14)
 u - a wand of paralysis (11)
 x - a wand of iceblast (36)
 y - a wand of mindburst (9)
 C - a wand of polymorph (4)
Scrolls
 a - 2 scrolls of enchant armour
 e - 8 scrolls of fear
 f - 3 scrolls of silence
 g - 2 scrolls of brand weapon
 s - 16 scrolls of identify
 t - 3 scrolls of amnesia
 E - a scroll of holy word
 F - 2 scrolls of enchant weapon
 G - 4 scrolls of teleportation
 M - 3 scrolls of magic mapping
 U - a scroll of fog
Potions
 m - 4 potions of heal wounds
 q - 4 potions of curing
 r - 3 potions of brilliance
 v - 3 potions of flight
 z - 3 potions of resistance
 B - 6 potions of ambrosia
 D - 3 potions of haste
 J - a potion of invisibility
 N - a potion of cancellation
 P - 2 potions of magic
 V - a potion of might
 Z - a potion of berserk rage
Miscellaneous
 Y - a phantom mirror


   Skills:
 - Level 12.0 Fighting
 - Level 6.0 Crossbows
 + Level 13.8 Dodging
 - Level 10.0 Stealth
 * Level 20.3 Unarmed Combat
 - Level 6.5 Spellcasting
 - Level 4.0 Translocations
 + Level 2.2 Transmutations
 - Level 12.0 Ice Magic


You had 19 spell levels left.
You knew the following spells:

 Your Spells              Type           Power      Damage    Failure   Level
a - Frozen Ramparts       Ice            100%       1d12      1%          3
b - Blink                 Tloc           44%        N/A       2%          2
c - Blade Hands           Tmut           7%         N/A       73%         5

Your spell library contained the following spells:

 Spells                   Type           Power      Damage    Failure   Level
 Freeze                   Ice            100%       1d11      1%          1
 Ensorcelled Hibernation  Hex/Ice        60%        N/A       1%          2
 Gell's Gravitas          Tloc           22%        N/A       5%          3
 Teleport Other           Tloc           22%        N/A       5%          3
 Hailstorm                Conj/Ice       30%        3d8       9%          4
 Slow                     Hex            24%        N/A       10%         1
 Portal Projectile        Hex/Tloc       28%        N/A       13%         3
 Scorch                   Fire           12%        2d5       16%         2
 Spider Form              Tmut/Pois      11%        N/A       19%         3
 Confusing Touch          Hex            6%         N/A       30%         3
 Dazzling Flash           Conj/Hex       12%        N/A       30%         3
 Tukima's Dance           Hex            6%         N/A       30%         3
 Vampiric Draining        Necr           6%         2d6       30%         3
 Manifold Assault         Tloc           22%        N/A       45%         5
 Anguish                  Hex/Necr       3%         N/A       69%         4
 Flame Wave               Conj/Fire      6%         2d5       69%         4
 Fulminant Prism          Conj/Hex       3%         3d6       69%         4
 Alistair's Intoxication  Tmut/Pois      7%         N/A       86%         5
 Borgnjor's Vile Clutch   Necr/Erth      3%         N/A       95%         5
 Excruciating Wounds      Necr           3%         N/A       95%         5
 Fireball                 Conj/Fire      3%         3d4       95%         5
 Dispersal                Tloc           11%        N/A       96%         6
 Eringya's Noxious Bog    Tmut/Pois      5%         N/A       100%        6
 Starburst                Conj/Fire      3%         6d3       100%        6
 Summon Cactus Giant      Summ           3%         N/A       100%        6
 Enfeeble                 Hex            3%         N/A       100%        7
 Borgnjor's Revivificati  Necr           3%         N/A       100%        8
 Disjunction              Tloc           11%        N/A       100%        8
 Ignition                 Fire           3%         3d4       100%        8
 Necromutation            Tmut/Necr      5%         N/A       100%        8
 Death's Door             Necr           3%         N/A       100%        9


Dungeon Overview and Level Annotations

Branches:
Dungeon (14/15)            Temple (1/1) D:4            Lair (6/6) D:10
  Swamp (2/4) Lair:3        Snake (3/4) Lair:4        Slime (0/5) Lair:6
    Orc (2/2) D:12            Elf (1/3) Orc:2        Vaults (0/5) D:14
Gauntlet (visited)

Altars:
Ashenzari
Cheibriados
Dithmenos
Elyvilon
Fedhas
Gozag
Hepliaklqana
Kikubaaqudgha
Makhleb
Nemelex Xobeh
Okawaru
Qazlal
Ru
Sif Muna
Trog
Uskayaw
Vehumet
Wu Jian
Xom
Yredelemnul
Zin
The Shining One
Beogh

Shops:
D:6 (   Orc:2 ?[(==[   Elf:1 (   Snake:1 =   Snake:3 *

Annotations:
Lair:6 Rupert
Orc:1 2 transporters, Arandomuser's ghost, novice HOFi


Innate Abilities, Weirdness & Mutations

You can breathe waves of freezing cold which knock back foes.
Your icy white scales are hard. (AC +9)
You cannot fit into any form of body armour.
Your flesh is cold resistant. (rC+)
You are cold-blooded and may be slowed by cold attacks.
Your tail ends in a venomous barb.
Your mind is acute. (Int +2)
You are strong-willed. (Will+)


Message History

Unknown command.
You punch the swamp worm!
Your tail-slap misses the swamp worm.
You punch the swamp worm.
The swamp worm is heavily wounded.
The spriggan rider hits you from afar with a +0 vorpal spear!
* * * LOW HITPOINT WARNING * * *
You emit a cloud of dark smoke.
* * * LOW HITPOINT WARNING * * *
You hit the swamp worm.
You tail-slap the swamp worm, but do no damage.
The swamp worm is severely wounded.
The swamp worm bites you.
* * * LOW HITPOINT WARNING * * *
Unknown command.
You pummel the swamp worm!!
You kill the swamp worm!
Dithmenos accepts your kill.
The spriggan rider hits you from afar with a +0 vorpal spear!!
* * * LOW HITPOINT WARNING * * *
x2 Unknown command.
The spriggan rider hits you with a +0 vorpal spear!!
* * * LOW HITPOINT WARNING * * *
x2 The tyrant leech misses you.
You see here a swamp worm corpse.
The spriggan rider blocks your attack.
The spriggan rider is severely wounded.
Your shadow hits the spriggan rider!
You kill the hornet!
Dithmenos accepts your kill.
The spriggan falls from its now dead mount.
The tyrant leech completely misses you.
As you read the scroll of teleportation, it crumbles to dust.
You feel strangely unstable. The spriggan misses you.
You completely miss the alligator. Your shadow hits the alligator!
The alligator bites you but does no damage.
The alligator completely misses you. The tyrant leech bites you!!
* * * LOW HITPOINT WARNING * * *
The tyrant leech draws strength from your injuries!
The spriggan hits you with a +0 vorpal spear.
You die...

**** ♣ ♣♣.§♣* ♣ *♣....** ♣
*≈≈..≈≈* ♣♣♣ ♣♣♣ ♣ ***≈..≈..*
♣♣.♣♣♣♣♣≈♣ ♣
**,≈......♣*♣.≈.♣.♣♣≈♣ ♣
**,≈,.♣.≈.§§♣♣♣≈.≈≈≈≈.♣ ♣
*,≈≈≈≈..≈.§§♣§♣.§.≈§..♣ ♣
**,,≈.....§i@§§§≈≈♣♣..♣ ♣♣
***,♣.≈.°§w♣t§§°♣♣♣♣.♣ ♣.
**.(≈≈.§§♣§§§≈.♣♣♣§♣♣ ♣♣
***,.(..w.≈§§§§.....≈≈♣♣♣ ♣
**,≈,.≈...§≈..≈.≈♣♣....)≈♣♣♣♣
*,≈,,≈.≈..≈^≈..≈♣♣♣♣♣♣.≈§.≈.≈
*≈,,,.≈≈t≈..≈.≈♣♣ ♣.≈≈≈≈♣.
*,,,≈.≈.........♣♣♣ ♣≈≈≈(≈≈.
*,,,,.≈.......♣.♣.♣♣ ♣.≈÷<...


You could see an alligator, a tyrant leech and a spriggan (very poisoned).

Vanquished Creatures
  Kirke (Swamp:2)
  Gastronok (Lair:2)
  A thorn hunter (Swamp:2)
  6 nagarajas (Snake:3)
  An orc warlord (Orc:2)
  3 ghouls (Swamp:1)
  Aizul (Snake:2)
  An ironbound preserver (D:14)
  Azrael (D:14)
  Josephine (D:14)
  Harold (D:9)
  7 naga warriors
  3 boulder beetles
  A rakshasa (D:14)
  8 hydras
  4 anacondas
  7 centaur warriors
  4 ogre magi
  4 catoblepae (Lair:6)
  10 two-headed ogres
  4 alligators
  A dancing weapon (Elf:1)
  12 death yaks
  A tengu warrior (D:13)
  6 naga sharpshooters
  A spriggan berserker (Swamp:1)
  2 deep elf knights (Elf:1)
  2 shock serpents (Snake:1)
  A spriggan (Lair:4)
  Sonja (Orc:2)
  3 spriggan druids (Swamp:1)
  A salamander mystic (Snake:1)
  3 goliath frogs (Swamp:1)
  9 naga ritualists
  4 bog bodies
  2 swamp dragons
  A deep elf archer (Elf:1)
  A wizard (D:14)
  3 ugly things
  5 deep elf pyromancers
  3 deep elf zephyrmancers (Elf:1)
  4 manticores
  13 mana vipers
  9 orc sorcerers
  8 cyclopes
  11 salamanders
  2 will-o-the-wisps
  4 guardian serpents
  23 elephants
  5 naga magi
  A kobold demonologist (D:13)
  30 black mambas
  18 cane toads
  2 torpor snails
  6 komodo dragons
  2 gargoyles
  2 rime drakes
  A freezing wraith (D:13)
  A bloated husk (Swamp:1)
  A queen bee (D:10)
  5 trolls
  2 polar bears
  18 blink frogs
  7 tyrant leeches
  15 slime creatures
  2 hornets
  5 dream sheep (Lair:6)
  Sigmund (D:6)
  A culicivora (shapeshifter) (D:14)
  6 wraiths
  4 wyverns
  A shadow (D:9)
  62 yaks
  A human (shapeshifter) (Orc:2)
  2 hogs (Swamp:1)
  4 basilisks
  Menkaure (D:5)
  3 steam dragons
  3 fire elementals
  4 vampire mosquitoes (D:13)
  3 wargs
  21 nagas
  2 acid dragons
  7 swamp worms
  13 water moccasins
  4 black bears
  3 hell hounds (D:14)
  An ice beast (D:7)
  21 orc warriors
  3 swamp drakes (Swamp:1)
  A sky beast (D:6)
  43 wolves
  9 ogres
  A boggart (D:14)
  21 centaurs
  A phantom (D:6)
  18 bullfrogs
  An earth elemental (Elf:1)
  2 scorpions
  29 killer bees
  5 wights (D:6)
  6 electric eels
  5 howler monkeys
  4 centaur zombies
  6 hounds
  3 jellies
  A gnoll shaman (D:7)
  15 orc priests
  Ijyb (D:3)
  4 iguanas
  34 orc wizards
  4 hell rats (Lair:6)
  A howler monkey zombie (D:9)
  5 adders
  6 gnolls
  2 howler monkey skeletons (D:7)
  A white imp (D:7)
  2 ufetubi
  An adder skeleton (D:4)
  A worm (D:2)
  2 dart slugs (D:1)
  75 orcs
  5 endoplasms
  6 goblins
  7 hobgoblins
  4 jackals
  5 quokkas
  8 ball pythons
  8 bats
  5 frilled lizards
  7 kobolds
  9 rats
874 creatures vanquished.

Vanquished Creatures (others)
  A bloated husk (Swamp:1)
  3 humans (Swamp:2)
  A naga (Snake:3)
  An orc wizard (Orc:2)
  17 demonic plants (Gauntlet)
  14 foxfires
  25 fungi
  91 plants
  17 withered plants (Gauntlet)
170 creatures vanquished.

Grand Total: 1044 creatures vanquished

Notes
Turn   | Place    | Note
-------+----------+-------------------------------------------
     0 | D:1      | pkoi the Draconian Monk began the quest for the Orb.
     0 | D:1      | Reached XP level 1. HP: 19/19 MP: 1/1
   369 | D:1      | Reached XP level 2. HP: 26/26 MP: 2/2
   502 | D:1      | Found a faded altar of an unknown god.
  1029 | D:2      | Reached XP level 3. HP: 31/31 MP: 3/3
  1647 | D:2      | You fall into a shaft and drop 2 floors!
  1667 | D:4      | Reached XP level 4. HP: 40/40 MP: 4/4
  1685 | D:4      | Reached skill level 4 in Unarmed Combat
  2357 | D:3      | Noticed a scorpion
  2375 | D:3      | Gained mutation: Your flesh is cold resistant. (rC+)
                  | [potion of mutation]
  2375 | D:3      | Gained mutation: You are strong-willed. (Will+) [potion of
                  | mutation]
  2375 | D:3      | Gained mutation: Your mind is acute. (Int +2) [potion of
                  | mutation]
  2375 | D:3      | Gained mutation: Your tail ends in a venomous barb. [potion
                  | of mutation]
  2775 | D:3      | Reached XP level 5. HP: 32/46 MP: 5/5
  3123 | D:3      | Noticed Ijyb
  3137 | D:3      | Killed Ijyb
  3340 | D:4      | Reached skill level 5 in Unarmed Combat
  3341 | D:4      | Identified the ring of Ylarut {rF+ rCorr Dex+6}
  3454 | D:4      | Reached XP level 6. HP: 52/52 MP: 6/6
  3460 | D:4      | Found a staircase to the Ecumenical Temple.
  3514 | Temple   | Entered the Ecumenical Temple
  3798 | Temple   | Became a worshipper of Dithmenos the Shadowed
  3798 | Temple   | Reached * piety under Dithmenos
  3798 | Temple   | Reached ** piety under Dithmenos
  3939 | D:4      | Found a burning altar of Makhleb.
  4424 | D:5      | Entered Level 5 of the Dungeon
  4532 | D:5      | Reached skill level 6 in Unarmed Combat
  4532 | D:5      | Your scales start taking on an icy white colour.
  4532 | D:5      | Reached XP level 7. HP: 59/59 MP: 7/7
  4532 | D:5      | Mutation became permanent: Your flesh is cold resistant.
                  | (rC+) [White Draconian growth]
  4532 | D:5      | Gained mutation: Your flesh is cold resistant. (rC+) [White
                  | Draconian growth]
  4536 | D:5      | Learned a level 3 spell: Frozen Ramparts
  4560 | D:5      | Noticed Menkaure
  4853 | D:5      | Reached skill level 1 in Ice Magic
  5128 | D:5      | Killed Menkaure
  5129 | D:5      | Reached skill level 1 in Spellcasting
  5526 | D:6      | Reached XP level 8. HP: 47/66 MP: 10/10
  5699 | D:6      | Found Yxol's Antique Weapon Shop.
  5727 | D:6      | Reached skill level 7 in Unarmed Combat
  5732 | D:6      | Noticed Sigmund
  6039 | D:6      | Reached skill level 5 in Dodging
  6236 | D:6      | Bought an iridescent arbalest for 209 gold pieces
  6236 | D:6      | Identified the +8 arbalest of Magnificence {penet, rF-
                  | Int+3 Dex+3} (You bought it in a shop on level 6 of the
                  | Dungeon)
  6298 | D:6      | Killed Sigmund
  6637 | D:6      | Reached skill level 5 in Stealth
  6637 | D:6      | Reached skill level 8 in Unarmed Combat
  6645 | D:6      | Reached *** piety under Dithmenos
  6800 | D:6      | Reached XP level 9. HP: 71/71 MP: 13/13
  7539 | D:7      | Noticed a two-headed ogre
  7554 | D:7      | Killed a two-headed ogre
  7555 | D:7      | Reached skill level 9 in Unarmed Combat
  7555 | D:7      | Reached skill level 5 in Ice Magic
  7817 | D:7      | Noticed a two-headed ogre
  7827 | D:7      | Killed a two-headed ogre
  8599 | D:8      | Reached XP level 10. HP: 60/78 MP: 12/16
  8601 | D:8      | Reached skill level 10 in Unarmed Combat
  8689 | D:8      | Reached skill level 1 in Crossbows
  9296 | D:8      | Noticed a two-headed ogre
  9314 | D:8      | Killed a two-headed ogre
  9879 | D:9      | Noticed a two-headed ogre
  9894 | D:9      | Killed a two-headed ogre
 10058 | D:9      | Reached skill level 11 in Unarmed Combat
 10343 | D:9      | Noticed Harold
 10472 | D:9      | Reached **** piety under Dithmenos
 10996 | D:9      | Killed Harold
 10997 | D:9      | Reached XP level 11. HP: 69/84 MP: 14/17
 11168 | D:10     | Entered Level 10 of the Dungeon
 11305 | D:10     | Found a staircase to the Lair.
 12487 | D:11     | Noticed a cyan ugly thing
 12488 | D:11     | Reached skill level 12 in Unarmed Combat
 12496 | D:11     | Killed a cyan ugly thing
 12754 | D:11     | Noticed a boulder beetle
 12768 | D:11     | Killed a boulder beetle
 13072 | D:12     | Noticed a two-headed ogre
 13151 | D:12     | Noticed a centaur warrior
 13163 | D:12     | Killed a centaur warrior
 13193 | D:11     | Reached skill level 5 in Crossbows
 13361 | D:12     | Reached ***** piety under Dithmenos
 13555 | D:12     | Found a staircase to the Orcish Mines.
 13668 | D:12     | Got the Volume of the Enthralling Voyage
 13770 | D:12     | Noticed a two-headed ogre
 13775 | D:12     | Killed a two-headed ogre
 13807 | D:12     | Killed a two-headed ogre
 13808 | D:12     | Reached skill level 13 in Unarmed Combat
 13808 | D:12     | Reached XP level 12. HP: 83/91 MP: 14/18
 13883 | D:12     | Noticed a seven-headed hydra
 13891 | D:12     | Killed a seven-headed hydra
 13945 | D:12     | Noticed a two-headed ogre
 13958 | D:12     | Killed a two-headed ogre
 14309 | D:12     | Found a snail-covered altar of Cheibriados.
 15148 | D:13     | Noticed an ogre mage
 15148 | D:13     | Noticed a centaur warrior
 15153 | D:13     | Noticed a boulder beetle
 15153 | D:13     | Noticed a six-headed hydra
 15154 | D:13     | Found a radiant altar of Vehumet.
 15203 | D:13     | Learned a level 2 spell: Blink
 15312 | D:13     | Noticed a centaur warrior
 15315 | D:13     | Noticed a two-headed ogre
 15316 | D:13     | Noticed a tengu warrior
 15375 | Lair:1   | Entered Level 1 of the Lair of Beasts
 15634 | Lair:1   | Reached skill level 1 in Translocations
 15700 | Lair:1   | Reached skill level 14 in Unarmed Combat
 15938 | Lair:1   | Got the Guide on Confrontation
 16585 | Lair:2   | Reached skill level 5 in Fighting
 16806 | Lair:2   | Found a gate leading to a gauntlet.
 16841 | Gauntlet | Entered a Gauntlet
 16841 | Gauntlet | Found a transporter.
 16841 | Gauntlet | Found a transporter.
 16860 | Gauntlet | Found a transporter.
 16872 | Gauntlet | Found a transporter.
 16878 | Gauntlet | Found a transporter.
 16878 | Gauntlet | Found a transporter.
 16894 | Gauntlet | Found a transporter.
 16914 | Gauntlet | Found a transporter.
 16926 | Gauntlet | Found a transporter.
 16935 | Gauntlet | Found a transporter.
 16954 | Gauntlet | Found a transporter.
 16988 | Gauntlet | Found a transporter.
 16994 | Gauntlet | Noticed a death scarab
 17005 | Gauntlet | Found a transporter.
 17015 | Gauntlet | Found a transporter.
 17110 | Gauntlet | Found a transporter.
 17125 | Gauntlet | Found a transporter.
 17520 | Lair:2   | Noticed Gastronok
 17567 | Lair:2   | Killed Gastronok
 17568 | Lair:2   | Reached XP level 13. HP: 68/100 MP: 16/20
 18706 | Lair:3   | Reached skill level 5 in Spellcasting
 19228 | Lair:3   | Found a staircase to the Swamp.
 19275 | Lair:3   | Reached skill level 10 in Ice Magic
 19808 | Lair:4   | Reached ****** piety under Dithmenos
 19809 | Lair:4   | Reached skill level 10 in Dodging
 19858 | Lair:3   | Reached skill level 15 in Unarmed Combat
 20518 | Lair:4   | Found a staircase to the Snake Pit.
 20834 | Lair:4   | Reached XP level 14. HP: 113/113 MP: 23/23
 21141 | Lair:5   | You fall into a shaft and drop 1 floor!
 21141 | Lair:6   | Entered Level 6 of the Lair of Beasts
 21476 | Lair:6   | Reached skill level 16 in Unarmed Combat
 23043 | Lair:6   | Noticed Rupert
 23793 | Lair:6   | Found a staircase to the Slime Pits.
 24136 | Lair:6   | Reached skill level 17 in Unarmed Combat
 24345 | D:13     | Reached XP level 15. HP: 92/124 MP: 20/24
 25859 | Orc:1    | Entered Level 1 of the Orcish Mines
 25859 | Orc:1    | Found a transporter.
 25868 | Orc:1    | Found a transporter.
 25990 | Orc:1    | Noticed Arandomuser's ghost (novice HOFi)
 26520 | Orc:2    | Entered Level 2 of the Orcish Mines
 26555 | Orc:2    | Found Zeajav's Weapon Emporium.
 26564 | Orc:2    | Bought 21 bolts for 50 gold pieces
 26589 | Orc:2    | Found a staircase to the Elven Halls.
 26632 | Orc:2    | Found Epoesm's Armour Boutique.
 26658 | Orc:2    | Noticed Sonja
 26667 | Orc:2    | Killed Sonja
 26729 | Orc:2    | Reached skill level 10 in Fighting
 26952 | Orc:2    | Noticed an orc warlord
 26984 | Orc:2    | Killed an orc warlord
 27168 | Orc:2    | Found Niqiup's Magic Scroll Shoppe.
 27178 | Orc:2    | Bought a scroll of blinking for 105 gold pieces
 27191 | Orc:2    | Found an ancient bone altar of Kikubaaqudgha.
 27315 | Orc:2    | Found a radiant altar of Vehumet.
 27357 | Orc:2    | Found Tasable's Jewellery Shoppe.
 27401 | Orc:2    | Found Urask's Antique Armour Shoppe.
 27428 | Orc:2    | Found Edghy's Jewellery Emporium.
 27670 | D:14     | Noticed Josephine
 27745 | D:14     | Killed Josephine
 27751 | D:14     | HP: 5/126 [centaur warrior/arrow (16)]
 27894 | D:14     | Reached skill level 18 in Unarmed Combat
 28199 | D:14     | Found a gate to the Vaults.
 28904 | D:14     | Noticed Azrael
 28915 | D:14     | Killed Azrael
 29001 | D:14     | Found a hide-covered altar of Uskayaw.
 29607 | Swamp:1  | Entered Level 1 of the Swamp
 30322 | Orc:2    | Bought a ring of poison resistance for 240 gold pieces
 30823 | Swamp:1  | Identified the +2 pair of gloves of Woanan {SInv}
 31064 | Swamp:1  | You fall into a shaft and drop 1 floor!
 31447 | Swamp:1  | Reached XP level 16. HP: 105/137 MP: 25/25
 32564 | Snake:1  | Entered Level 1 of the Snake Pit
 32872 | Snake:1  | Noticed Aizul
 33382 | Snake:1  | Identified the +2 whip "Arughul" {protect, rC+ Int+4}
 33388 | Snake:1  | Found Luonisi's Jewellery Emporium.
 34149 | Snake:1  | Bought the ring "Unnop" {rElec rC+ Int+6} for 1272 gold
                  | pieces
 34546 | Snake:1  | Reached skill level 19 in Unarmed Combat
 35954 | Snake:2  | Found an ancient bone altar of Kikubaaqudgha.
 36552 | Snake:2  | Killed Aizul
 38709 | Snake:3  | Reached XP level 17. HP: 123/146 MP: 26/26
 39074 | Snake:3  | Found Aduguevvog's General Store.
 39403 | Elf:1    | Entered Level 1 of the Elven Halls
 39459 | Elf:1    | Reached skill level 20 in Unarmed Combat
 39700 | Elf:1    | Found Circhyodia's Antique Weapon Shoppe.
 40279 | Swamp:1  | Learned a level 5 spell: Blade Hands
 40649 | Swamp:2  | Reached skill level 10 in Stealth
 40649 | Swamp:2  | Reached skill level 1 in Transmutations
 40802 | Swamp:2  | Noticed Kirke
 40936 | Swamp:2  | Killed Kirke
 41356 | Swamp:2  | HP: 3/146 [tyrant leech (25)]
 41356 | Swamp:2  | Slain by a spriggan

Illustrated notes

Levels and vault maps discovered:
D:1:      minmay_arrival_open_corners, layout_basic,
          chequers_ecumenical_altar_twisty
D:2:      layout_basic, lemuel_old_faithful
D:3:      layout_basic, chequers_arboretum, uniq_ijyb
D:4:      layout_loops_ring, bloody_makhleb, minmay_temple_entry_offerings,
          st_stairs_2, hangedman_abyss_or_decor_passed, grunt_decor_mini_mirrors
D:5:      layout_basic, uniq_menkaure
D:6:      layout_cave_pods, kennysheep_diamond, minmay_misc_feat_roman,
          lightli_minifort, uniq_sigmund
D:7:      layout_rooms, serial_rivers, chequers_serial_rivers_marsh,
          chequers_serial_rivers_room_b, chequers_serial_rivers_micro_a,
          chequers_serial_rivers_micro_c, chequers_serial_rivers_micro_d
D:8:      layout_cave_pods
D:9:      layout_loops_corners, uniq_harold
D:10:     layout_roguey, lair_entry_dummy, special_room [special_room_bee],
          eino_tiny_chamber
D:11:     nicolae_whirlpool, layout_loops_corners, minmay_checkerbox
D:12:     layout_loops_ring, david_orc_5, chei_slow_surprise
D:13:     layout_gridville, minmay_ruined_shrine
D:14:     layout_basic, skrybe_vaults_entry_preservation,
          nicolae_uskayaw_en_pointe, uniq_azrael, uniq_josephine
Temple:   nicolae_temple_the_god_donut
Lair:1:   layout_cave_pods, special_room, minivault_27
Lair:2:   layout_cave_pods, gauntlet_entry_generic,
          chequers_serial_rivers_micro_c, hangedman_lair_generics_rect,
          grunt_megastairs_2, serial_bayou_shore_a, lemuel_fruit_tree,
          uniq_gastronok
Lair:3:   layout_concentric_octagons, minmay_swamp_entry_worms, st_stairs_9,
          beast_lair_carwin_6
Lair:4:   layout_loops_ring, minmay_snake_entry_guardpost_medium,
          chequers_serial_rivers_micro_e, grunt_forest_large_clearings
Lair:5:   layout_small_grid, lightli_volcano_entry_magma_tube,
          serial_bayou_shore_b, serial_bayou_shore_b
Lair:6:   evilmike_catoblepas_cave, layout_hall_layers, dpeg_slime_entry_corner,
          serial_bayou, serial_bayou_pond_c, serial_bayou_lagoon_b,
          serial_bayou_shore_b, serial_bayou_lake_a, uniq_rupert
Swamp:1:  layout_basic_swamp, serial_swamp_ruin, evilmike_swamp_ruin_house_2,
          evilmike_swamp_ruin_house_3
Swamp:2:  layout_falls_marsh, nicolae_swamp_dense_foliage, uniq_kirke
Snake:1:  layout_gridlike, serial_shops, shop, nicolae_snake_naga_rites,
          uniq_aizul
Snake:2:  layout_cave_pods, basic_altar
Snake:3:  nicolae_aizul_guard, layout_layer_cave, serial_shops,
          nicolae_lakefront_shop, nicolae_snake_slithery_corners
Orc:1:    layout_caves, gammafunk_ghost_wrathful_warriors
Orc:2:    kennysheep_orc_mage_school, layout_caves, serial_shops, shop, shop,
          nicolae_shop_bloodbath_and_beyond, uniq_sonja
Elf:1:    eino_elf_arrival_sip, layout_geoelf_grid, serial_shops,
          nicolae_shop_statue_plus, kennysheep_underground_church,
          nicolae_shop_gadgets

Skill      XL: |  1  2  3  4  5  6  7  8  9 10 11 12 13 14 15 16 17 |
---------------+----------------------------------------------------+-----
Stealth        | 2 3 4 5 6 8 9 10 | 10.0
Dodging        | 3 4 5 6 7 8 9 10 11 12 13 | 13.8
Unarmed Combat | 4 5 6 8 9 11 13 14 15 17 18 19 20 | 20.3
Fighting       | 4 5 7 9 11 12 | 12.0
Ice Magic      | 2 4 6 7 9 10 12 | 12.0
Spellcasting   | 1 3 4 6 |  6.5
Crossbows      | 3 5 6 |  6.0
Translocations | 2 4 |  4.0
Transmutations | 2 |  2.2

Action                   |  1- 3 |  4- 6 |  7- 9 | 10-12 | 13-15 | 16-18 || total
-------------------------+-------+-------+-------+-------+-------+-------++-------
Melee: Unarmed           |   146 |   161 |   232 |   308 |  1089 |   534 ||  2470
       Tailslap          |    11 |    25 |    31 |    58 |   198 |    97 ||   420
       Punch             |     3 |    11 |    14 |    41 |   145 |    67 ||   281
       Dagger            |       |    26 |     4 |     6 |     7 |       ||    43
 Fire: Arbalest          |       |       |    22 |   172 |   159 |   122 ||   475
Throw: Dart              |       |       |     2 |       |       |       ||     2
 Cast: Frozen Ramparts   |       |       |    11 |    57 |    92 |    68 ||   228
       Blink             |       |       |       |     1 |     3 |       ||     4
 Abil: Breathe Frost     |       |       |     1 |     2 |       |       ||     3
  Use: Potion            |       |     7 |     1 |     1 |     2 |     4 ||    15
       Scroll            |       |     5 |     8 |     3 |     8 |     5 ||    29
 Stab: Sleeping          |     9 |     7 |     8 |     5 |    18 |    10 ||    57
       Distracted        |       |     1 |       |       |     4 |     1 ||     6
Armor: Skin              |    36 |    46 |    42 |    83 |   342 |   122 ||   671
Dodge: Dodged            |    80 |   118 |   201 |   391 |   952 |   439 ||  2181
